 Dungeon Crawl Stone Soup version 0.31-a0-339-gda1cbd555d (webtiles) character file.

Game seed: 3609294762176198343

2137 Flugkiller the Insei (level 9, -6/93 HPs)
             Began as an Octopode Shapeshifter on July 20, 2023.
             Was a Follower of Okawaru.
             Mangled by a yak (10 damage)
             ... on level 8 of the Dungeon.
             The game lasted 00:07:30 (7037 turns).

Flugkiller the Insei (Octopode Shapeshifter)        Turns: 7037, Time: 00:07:31

Health: -6/93      AC:  5    Str: 14    XL:     9   Next: 30%
Magic:  11/11      EV: 19    Int: 10    God:    Okawaru [*.....]
Gold:   383        SH:  0    Dex: 17    Spells: 8/8 levels left

rFire   + .          .
                       - Unarmed
rCold   . . .        (no shield)
rNeg    . . .        (helmet currently unavailable)
rPois   .            q - amulet of magic regeneration
rElec   .            p - +4 ring of protection
rCorr   .            f - ring of protection from fire
SInv    .            (no ring)
Will    .....        (no ring) Stlth
                     (no ring)
HPRegen 0.35/turn    (no ring)
MPRegen 0.52/turn    (no ring)
                     (no ring)

%: no passive effects
@: berserking, lethally poisoned (-6 -> -7), about to teleport, beast-form,
heroic, very quick
A: beast (slay +3), almost no armour, amphibious, 8 rings, camouflage 1,
gelatinous body 1, (nimble swimmer 1), tentacles
a: Begin Untransformation, Renounce Religion, Heroism


You were on level 8 of the Dungeon.
You worshipped Okawaru.
Okawaru was aware of your devotion.
You were a hulking beast.
You visited 1 branch of the dungeon, and saw 8 of its levels.

You collected 383 gold pieces.

Inventory:

Missiles
 j - a throwing net
Jewellery
 f - a ring of protection from fire (right tentacle)
   (You found it on level 6 of the Dungeon)
 p - a +4 ring of protection (left tentacle)
   (You found it on level 2 of the Dungeon)
 q - an amulet of magic regeneration (around mantle)
   (You found it on level 6 of the Dungeon)
Talismans
 b - a beast talisman
Scrolls
 e - a scroll of torment
 i - a scroll of enchant armour
 k - a scroll of fog {unknown}
 m - 2 scrolls of blinking {unknown}
 r - a scroll of brand weapon {unknown}
 t - 2 scrolls of teleportation
Potions
 a - a potion of enlightenment {unknown}
 c - a potion of mutation
 d - 2 potions of heal wounds {unknown}
 g - a potion of magic
 l - a potion of ambrosia {unknown}
 n - 2 potions of might {unknown}
 o - a potion of brilliance
 s - a potion of resistance {unknown}


   Skills:
 + Level 5.8(10.8) Fighting
 + Level 6.1(11.1) Dodging
 + Level 6.5(11.5) Unarmed Combat
 - Level 3.0 Invocations
 + Level 5.6 Shapeshifting


You had 8 spell levels left.
You didn't know any spells.
Your spell library contained the following spells:

 Spells                   Type           Power      Damage    Failure   Level
 Magic Dart               Conj           0%         1d3       36%         1
 Sandblast                Erth           0%         2d4       36%         1
 Blink                    Tloc           0%         N/A       50%         2
 Lesser Beckoning         Tloc           0%         N/A       50%         2
 Momentum Strike          Conj/Tloc      0%         3d8       50%         2
 Passwall                 Tmut/Erth      0%         N/A       50%         2
 Searing Ray              Conj           0%         2d4       50%         2
 Dazzling Flash           Conj/Hex       0%         N/A       75%         3
 Stone Arrow              Conj/Erth      0%         3d7       75%         3
 Fulminant Prism          Conj/Hex       0%         3d5       98%         4
 Agony                    Necr           0%         N/A       100%        5
 Silence                  Hex/Air        0%         N/A       100%        5


Dungeon Overview and Level Annotations

Branches:
Dungeon (8/15) Zot: 26965  Temple (0/1) D:7
   Lair: D:8-11

Altars:
Cheibriados
Dithmenos
Fedhas
Gozag
Okawaru
Qazlal
Ru
Uskayaw
Yredelemnul

Shops:
D:1 *   D:4 [   D:5 =[   D:8 (

Annotations:
D:3 3 runed translucent doors, Silkki's ghost, weakling OpMo; Xoff's ghost, amateur GnCj


Innate Abilities, Weirdness & Mutations

You are a hulking beast.
Your limbs bulge with bestial killing power. (Slay +3)
You cannot wear most types of armour.
You are amphibious.
You can wear up to eight rings at the same time.
Your skin changes colour to match your surroundings (Stealth+).
Your rubbery body absorbs attacks. (AC +1, EV +1)
((You are camouflaged when in or above water. (Stealth+)))
You have tentacles for arms and can constrict up to eight enemies at once.


Message History

You tentacle-slap the black bear. You squeeze the black bear!
The black bear is severely wounded.
You constrict the black bear, but do no damage.
You tentacle-slap the black bear.
The black bear is severely wounded.
You constrict the black bear.
The black bear goes berserk!
You tentacle-slap the black bear.
You squeeze the black bear, but do no damage.
The black bear is almost dead.
You constrict the black bear. The black bear misses you.
The black bear completely misses you. The black bear claws you.
The black bear bites you but does no damage.
The black bear claws you. The black bear closely misses you.
You tentacle-slap the black bear. x2
You kill the black bear!
Okawaru accepts your kill.
Your Dodging skill increases to level 6!
You see here a black bear corpse.
There is an entrance to Usoboh's Weapon Emporium here.
There is an entrance to Usoboh's Weapon Emporium here.
You open the door.
A yak comes into view.
A yak is nearby!
A yak is nearby!
There is an open door here.
A yak comes into view.
Found 25 gold pieces.
There is an open door here.
The yak bellows! x2
A killer bee comes into view. x2
You hear a shout!
An orc comes into view. It is wielding a +0 falchion.
The killer bee attacks as you move away!
The killer bee stings you but does no damage.
A killer bee comes into view.
The killer bee stings you but does no damage.
The killer bee barely misses you.
There is an open door here.
The killer bee attacks as you move away!
The killer bee stings you but does no damage.
The killer bee buzzes angrily. x2; You hear a bellow!
A yak comes into view.
The killer bee closely misses you.
You hear a bellow!
The killer bee stings you but does no damage.
You gain the combat prowess of a mighty hero.
The killer bee misses you. The killer bee closely misses you.
You bludgeon the killer bee! Your grab misses the killer bee.
The killer bee is severely wounded.
The killer bee stings you!
You are poisoned.
The killer bee poisons you!
You bludgeon the killer bee!
You kill the killer bee!
Okawaru accepts your kill.
You feel sick. The killer bee stings you.
You are more poisoned.
The killer bee poisons you!
You closely miss the killer bee. You grab the killer bee.
You constrict the killer bee.
You feel very sick. The killer bee closely misses you. x2
You tentacle-slap the killer bee. You squeeze the killer bee!
The killer bee is severely wounded.
You constrict the killer bee.
You feel very sick. The killer bee completely misses you.
You tentacle-slap the killer bee.
You kill the killer bee!
Okawaru accepts your kill.
You feel sick.
A yak comes into view.
Okay, then.
You tentacle-slap the yak. Your squeeze misses the yak.
The yak is lightly wounded.
You feel sick. The yak gores you.
You tentacle-slap the yak. You squeeze the yak!
The yak is moderately wounded.
You feel sick. The yak gores you.
You tentacle-slap the yak but do no damage.
The yak is moderately wounded.
You feel sick.
As you read the scroll of teleportation, it crumbles to dust.
You feel strangely unstable.
You feel sick.
A yak comes into view.
The yak gores you!
* * * LOW HITPOINT WARNING * * *
You bludgeon the yak!
The yak is severely wounded.
You feel sick. The yak gores you!
* * * LOW HITPOINT WARNING * * *
The yak attacks as you move away! The yak closely misses you.
* * * LOW HITPOINT WARNING * * *
You feel sick.
There is an entrance to Usoboh's Weapon Emporium here.
It was a potion of berserk rage.
A red film seems to cover your vision as you go berserk!
You feel yourself moving faster!
You feel mighty!
You feel sick. The yak gores you!
You die...

$....
#...#
#...#
##Y#
#.Y#
#o##
#Y#
###Y#
#.#h#
##..#
##†#
#<#
#.#
#.#
#+#


You could see 4 yaks and an orc.

Vanquished Creatures
  A steam dragon (D:6)
  A sky beast (D:7)
  2 ice beasts (D:7)
  An orc warrior (D:7)
  3 black bears
  3 ogres
  A centaur (D:6)
  A phantom (D:5)
  A gnoll sergeant (D:7)
  A bullfrog (D:7)
  A scorpion (D:7)
  2 killer bees (D:8)
  2 gnoll boudas
  A hound (D:4)
  2 orc priests (D:3)
  2 jellies
  2 orc wizards
  6 iguanas
  16 gnolls
  3 adders
  A white imp (D:5)
  2 worms
  5 dart slugs
  21 orcs
  8 bats
  3 endoplasms
  4 giant cockroaches
  8 goblins
  5 hobgoblins
  2 jackals (D:5)
  A kobold (D:1)
  2 quokkas
  8 ball pythons
  2 frilled lizards
  7 rats
  A spectral orc (D:7)
132 creatures vanquished.

Vanquished Creatures (others)
  A wolf (D:8)
1 creature vanquished.

Grand Total: 133 creatures vanquished

Notes
Turn   | Place    | Note
-------+----------+-------------------------------------------
     0 | D:1      | Flugkiller the Octopode Shapeshifter began the quest for
                  | the Orb.
     0 | D:1      | Reached XP level 1. HP: 13/13 MP: 1/1
   101 | D:1      | Reached XP level 2. HP: 16/18 MP: 2/2
   269 | D:1      | Reached XP level 3. HP: 19/23 MP: 3/3
   396 | D:1      | Found Suigi's Assorted Antiques.
  1302 | D:3      | Reached XP level 4. HP: 16/29 MP: 4/4
  1525 | D:3      | Found a runed translucent gate.
  1525 | D:3      | Found a runed translucent gate.
  1525 | D:3      | Found a runed translucent gate.
  1530 | D:3      | Noticed Xoff's ghost (amateur GnCj)
  1530 | D:3      | Noticed Silkki's ghost (weakling OpMo)
  1927 | D:3      | Reached XP level 5. HP: 18/35 MP: 5/5
  2397 | D:4      | Found an iron altar of Okawaru.
  2467 | D:4      | Became a worshipper of Warmaster Okawaru
  2547 | D:4      | Noticed an ogre
  2666 | D:4      | Found Boateami's Antique Armour Emporium.
  2736 | D:4      | Reached XP level 6. HP: 39/41 MP: 6/6
  2746 | D:4      | Reached skill level 1 in Invocations
  3321 | D:4      | Found a blossoming altar of Fedhas.
  3686 | D:4      | Reached * piety under Okawaru
  3687 | D:4      | Reached XP level 7. HP: 46/46 MP: 8/8
  3700 | D:5      | Entered Level 5 of the Dungeon
  3906 | D:5      | Found Weeduk's Jewellery Emporium.
  4349 | D:5      | Found a stormy altar of Qazlal.
  4521 | D:5      | Found a hide-covered altar of Uskayaw.
  4681 | D:5      | Reached skill level 5 in Unarmed Combat
  4681 | D:5      | Reached XP level 8. HP: 33/54 MP: 10/10
  4885 | D:5      | Found Denaistop's Armour Shop.
  4980 | D:6      | HP: 2/81 [iguana (7)]
  4985 | D:6      | HP: 2/81 [orc/+0 flail (1)]
  5456 | D:6      | Found a sacrificial altar of Ru.
  5817 | D:6      | Found a snail-covered altar of Cheibriados.
  5905 | D:6      | Reached skill level 5 in Dodging
  6204 | D:7      | Reached skill level 5 in Shapeshifting
  6230 | D:7      | Reached skill level 5 in Fighting
  6348 | D:7      | Reached XP level 9. HP: 51/61 MP: 11/11
  6503 | D:7      | Found a staircase to the Ecumenical Temple.
  6534 | D:7      | Found an opulent altar of Gozag.
  6626 | D:7      | Found a shadowy altar of Dithmenos.
  6803 | D:7      | Found a basalt altar of Yredelemnul.
  7001 | D:8      | Found Usoboh's Weapon Emporium.
  7036 | D:8      | HP: 3/62 [poisoned by a killer bee]
  7037 | D:8      | Mangled by a yak

Illustrated notes

Levels and vault maps discovered:
D:1:      noname_arrival_rooms_in_the_neighbourhood, layout_basic, serial_shops,
          nicolae_shop_tiny_waterfront
D:2:      layout_loops_ring, small_statue_intersection
D:3:      layout_basic, gammafunk_ghost_cemetery
D:4:      nicolae_BIG_FREAKIN_CUBE, layout_layer_cave,
          okawaru_metal_pillars_1_2, fedhas_altar_4, nicolae_inconvenience_store
D:5:      layout_basic, general_overflow_altar,
          mainiacjoe_overflow_concentric_impassable, serial_shops, shop, shop
D:6:      layout_cave_pools, mainiacjoe_overflow_small_starburst,
          lemuel_round_altar, hangedman_abyss_or_decor_lesser_grid,
          serial_bayou_pond_a
D:7:      layout_loops_ring, yredelemnul_forgotten_temple_becter,
          grunt_dithmenos_smoke, nicolae_gozag_seed_capital,
          minmay_temple_entry_grid, nicolae_twisty_statue_hallways
D:8:      kennysheep_seaside_town, layout_loops_cross,
          overflow_temple_1_default, dpeg_lair_monsters, serial_shops,
          nicolae_shop_hallway_stairs, minivault_26, hangedman_decor_slide_cut,
          uniq_grum

Skill      XL: |  1  2  3  4  5  6  7  8  9 |
---------------+----------------------------+-----
Fighting       | 2 3 4 5 |  5.8
Dodging        | 3 4 5 6 |  6.1
Unarmed Combat | 4 5 6 |  6.5
Invocations    | 1 3 |  3.0
Shapeshifting  | 4 5 |  5.6

Action                     |  1- 3 |  4- 6 |  7- 9 || total
---------------------------+-------+-------+-------++-------
  Melee: Unarmed           |    65 |    78 |   148 ||   291
         Constrict         |    16 |    24 |    31 ||    71
         Tentacles         |    11 |    18 |    44 ||    73
         Punch             |       |     3 |    11 ||    14
 Invoke: Heroism           |       |       |     7 ||     7
    Use: Scroll            |     3 |     4 |     2 ||     9
         Potion            |       |       |     3 ||     3
   Stab: Sleeping          |    16 |     4 |     6 ||    26
 Armour: Skin              |     7 |    12 |    40 ||    59
  Dodge: Dodged            |    25 |    34 |   131 ||   190

Table legend: (Time is in decaauts)
 A = Elapsed time spent in this place.
 B = Non-inter-level travel time spent in this place.
 C = Inter-level travel time spent in this place.
 D = Time resting spent in this place.
 E = Time spent auto-exploring this place.
 F = Levels seen in this place.
 G = Mean time per level.
                   A        B        C        D        E       F      G
               +--------+--------+--------+--------+--------+-----+--------+
         Total |   6997 |   6864 |    133 |   1283 |   4547 |   8 |  874.6 |
       Dungeon |   6997 |   6864 |    133 |   1283 |   4547 |   8 |  874.6 |
               +--------+--------+--------+--------+--------+-----+--------+

Top non-repeatable levels by time:
     D:4: 1392 daAuts
     D:5: 1262 daAuts
     D:3: 1143 daAuts
     D:6: 1097 daAuts
     D:7: 819 daAuts
     D:2: 722 daAuts
     D:1: 526 daAuts
     D:8: 33 daAuts
